[Event "Team 45 45 League T50"]
[Site "Internet Chess Club"]
[Date "2011.08.17"]
[Round "2"]
[White "tightfist"]
[Black "CKNIGHT3"]
[Result "0-1"]
[WhiteElo "1548"]
[BlackElo "1592"]
[Opening "Bird's opening"]
[ECO "A03"]
[Time "22:04:40"]
[TimeControl "2700+45"]

1. f4 d5 2. Nf3 c5 3. b3 Nf6 4. e3 Nc6 5. Bb2 Bf5 6. Bb5 a6 7. Be2 e6 8. O-O Bd6
9. d3 O-O 10. Qd2 Re8 11. Nh4 Bg4 12. Nf3 e5 13. Nxe5 Nxe5 14. fxe5 Bxe5 15. c3
Bxe2 16. Qxe2 d4 17. e4 dxc3 18. Nxc3 Qd6 19. g3 Rad8 20. Rad1 b5 21. Kg2 Qe6
22. Qc2 Bd4 23. Ne2 Ng4 24. Bc1 Be3 25. Rf3 Qh6 26. h3 Bxc1 27. hxg4 Ba3 28. Rh1
Qe6 29. Rf4 Rc8 30. Rh5 c4 31. bxc4 Bd6 32. Nd4 Qd7 33. Rd5 Qc7 34. Rf3 bxc4 35.
Qxc4 Qxc4 36. dxc4 Bb8 37. Rd7 f6 38. Nf5 Rc7 39. Rfd3 g6 40. Nh6+ Kh8 41. Nf7+
Kg8 42. Nh6+ Kf8 43. Rxc7 Bxc7 44. Rd7 Re7 45. Rxe7 Kxe7 46. Kf3 Ke6 47. g5 fxg5
48. Ng4 h5 49. Ne3 g4+ 50. Kg2 Ke5 51. Nd5 Bd6 52. Nb6 Kxe4 53. Nd7 Kd4 54. c5
Bxc5 55. Nxc5 Kxc5 56. Kf2 Kb4 57. Ke3 Ka3 58. Kf4 Kxa2 59. Kg5 a5 60. Kxg6 a4
61. Kg5 a3 62. Kxh5 Kb3 63. Kxg4 a2 64. Kh5 a1=Q 65. g4 Qe5+ 66. g5 Kc4 67. Kh6
Qh2+ 68. Kg7 Kd5 69. g6 Ke6 70. Kg8 Qb8+ 71. Kh7 Qc7+ 72. Kh8 Kf6 {White
resigns} 0-1

[Event "Team 45 45 League T50"]
[Site "Internet Chess Club"]
[Date "2011.08.18"]
[Round "2"]
[White "LazyPeon"]
[Black "Killian"]
[Result "0-1"]
[WhiteElo "1767"]
[BlackElo "1749"]
[Opening "QGD: 4.Bg5"]
[ECO "D50"]
[Time "15:15:22"]
[TimeControl "2700+45"]

1. d4 Nf6 2. c4 e6 3. Nc3 d5 4. Bg5 Bb4 5. e3 c6 6. Nf3 Qa5 7. Bxf6 Bxc3+ 8.
bxc3 Qxc3+ 9. Nd2 gxf6 10. cxd5 exd5 11. Rc1 Qa5 12. Qc2 O-O 13. Bd3 h6 14. O-O
Na6 15. Nb3 Qa4 16. Qe2 Nb4 17. Bb1 Re8 18. Qf3 f5 19. Bxf5 Bxf5 20. Qxf5 b6 21.
Nd2 Qxa2 22. Nf3 Qa6 23. Ne5 Qb7 24. Ng4 Re6 25. Nf6+ Kf8 26. Qf4 Nd3 27. Qxh6+
Ke7 28. Qg5 Rxf6 29. Rcd1 Nb4 30. e4 dxe4 31. Rfe1 Nd5 32. Rxe4+ Kf8 33. Rh4 Rg6
34. Rh8+ Kg7 35. Qe5+ f6 {White resigns} 0-1

[Event "Team 45 45 League T50"]
[Site "Internet Chess Club"]
[Date "2011.08.19"]
[Round "2"]
[White "Helaman"]
[Black "ticopatzer"]
[Result "0-1"]
[WhiteElo "1448"]
[BlackElo "1669"]
[Opening "Robatsch defense: Pseudo-Austrian attack"]
[ECO "B06"]
[Time "19:04:39"]
[TimeControl "2700+45"]

1. e4 g6 2. d4 Bg7 3. Nc3 d6 4. f4 a6 5. Nf3 b5 6. Bd3 Bb7 7. Qe2 Nd7 8. e5 c5
9. Be4 Bxe4 10. Qxe4 cxd4 11. Nxd4 dxe5 12. Nc6 Qc7 13. Nxe5 Rc8 14. Nxd7 Bxc3+
15. Kf2 Bg7 16. Ne5 Qxc2+ 17. Qxc2 Rxc2+ 18. Kf3 Nh6 19. Rd1 Nf5 20. Rd2 Rc5 21.
Ke4 O-O 22. b4 Bxe5 23. bxc5 Bxa1 24. g4 Nh6 25. h3 Rc8 26. Rc2 f5+ 27. Kf3 Bd4
28. Bd2 Rxc5 {White resigns} 0-1

[Event "Team 45 45 League T50"]
[Site "Internet Chess Club"]
[Date "2011.08.19"]
[Round "2"]
[White "Dracoac"]
[Black "BrandonBee"]
[Result "1-0"]
[WhiteElo "1540"]
[BlackElo "1517"]
[Opening "Réti v Dutch"]
[ECO "A04"]
[Time "12:03:19"]
[TimeControl "2700+45"]

1. Nf3 f5 2. c4 Nf6 3. Nc3 g6 4. e3 Bg7 5. Be2 O-O 6. O-O Nc6 7. d4 d6 8. d5 Nb4
9. a3 Na6 10. Nd4 Nc5 11. Rb1 e5 12. dxe6 Nxe6 13. Bf3 Ng5 14. Be2 Nge4 15. Nxe4
fxe4 16. b4 a6 17. Bb2 Qe7 18. Qc2 Bd7 19. Rbc1 Rae8 20. Nb3 Ba4 21. c5 d5 22.
Bd4 c6 23. Qb2 Rf7 24. Rfd1 Ref8 25. h3 Nd7 26. Rf1 Qh4 27. Bxg7 Rxg7 28. Nd4
Qf6 29. Bg4 Bb5 30. Rfd1 Bd3 31. Qd2 Re7 32. Qe1 Ne5 33. Be2 Ref7 34. Bxd3 Nxd3
35. Rxd3 exd3 36. f3 Re8 37. Qd2 Qe5 38. Re1 Qg3 39. a4 Rfe7 40. Kf1 Qg5 41. Kf2
h5 42. Qxd3 Qf6 43. Re2 h4 44. b5 axb5 45. axb5 cxb5 46. Nxb5 Qc6 47. Nd6 Re6
48. Nxe8 Rxe8 49. Qd4 Qe6 50. Qxh4 Kg7 51. Qd4+ Kf7 52. Rd2 Rd8 53. Qf4+ Kg7 54.
Qd4+ Kf7 55. Qh4 Re8 56. Qg5 d4 57. Qf4+ {Black resigns} 1-0

[Event "Team 45 45 League T50"]
[Site "Internet Chess Club"]
[Date "2011.08.20"]
[Round "2"]
[White "blizzard13"]
[Black "rookmaster23"]
[Result "0-1"]
[WhiteElo "1422"]
[BlackElo "1500"]
[Opening "Sicilian: Grand Prix attack, Schofman variation"]
[ECO "B23"]
[Time "14:01:00"]
[TimeControl "2700+45"]

1. e4 c5 2. Nc3 Nc6 3. f4 g6 4. Nf3 Bg7 5. Bc4 e6 6. f5 exf5 7. d3 Ne5 8. Nd5
Nxc4 9. dxc4 fxe4 10. Qe2 f5 11. Nd2 Nf6 12. O-O Nxd5 13. cxd5 O-O 14. Nc4 d6
15. Rb1 b5 16. Ne3 a6 17. c4 Bd7 18. b3 bxc4 19. Nxc4 Bb5 20. Bb2 Bxb2 21. Rxb2
Qf6 22. a4 Bxc4 23. bxc4 Qd4+ 24. Kh1 Qd3 25. Rfb1 Qxe2 26. Rxe2 Rab8 27. Reb2
Rxb2 28. Rxb2 f4 29. Rb6 e3 30. Kg1 f3 31. gxf3 Rxf3 32. Rb8+ Kg7 33. Re8 Rf4
34. Rxe3 Rxc4 35. Re6 Rxa4 36. Rxd6 Rd4 37. Kf2 a5 38. Ke3 a4 39. Rd7+ Kf6 40.
Ra7 Rxd5 41. Rxa4 Rh5 42. Rf4+ Rf5 43. Rc4 Re5+ 44. Kf3 Ke6 45. h4 Kd5 46. Ra4
c4 47. Ra7 Rh5 48. Kg4 Kd4 49. Ra4 Kd3 50. Kg3 c3 51. Kf3 Rf5+ 52. Kg4 c2 53.
Ra7 c1=Q 54. Rd7+ Ke4 {White resigns} 0-1

[Event "Team 45 45 League T50"]
[Site "Internet Chess Club"]
[Date "2011.08.25"]
[Round "2"]
[White "DTK"]
[Black "SlimeDog2"]
[Result "1/2-1/2"]
[WhiteElo "2218"]
[BlackElo "2090"]
[Opening "Inverted Hanham"]
[ECO "C42"]
[Time "21:01:22"]
[TimeControl "2700+45"]

1. e4 e5 2. Nf3 Nf6 3. d3 Nc6 4. Be2 d5 5. Nbd2 Be7 6. c3 O-O 7. O-O Re8 8. Qc2
a5 9. a4 h6 10. Re1 Bc5 11. h3 Be6 12. Nf1 Qd7 13. Be3 Bxe3 14. Nxe3 Rad8 {Game
drawn by mutual agreement} 1/2-1/2

[Event "Team 45 45 League T50"]
[Site "Internet Chess Club"]
[Date "2011.08.20"]
[Round "2"]
[White "AlexeiD"]
[Black "bobhill"]
[Result "1-0"]
[WhiteElo "2123"]
[BlackElo "1994"]
[Opening "English: symmetrical variation"]
[ECO "B38"]
[Time "23:06:35"]
[TimeControl "2700+45"]

1. c4 c5 2. Nf3 Nc6 3. d4 cxd4 4. Nxd4 Nf6 5. Nc3 g6 6. e4 Bg7 7. Be3 O-O 8. Be2
d6 9. O-O Bd7 10. Kh1 Ne5 11. f3 Qa5 12. Nb3 Qc7 13. c5 a6 14. cxd6 exd6 15. Rc1
Bc6 16. Nd5 Qd8 17. Bb6 Qd7 18. Nxf6+ Bxf6 19. f4 Bxe4 20. fxe5 Bxe5 21. Bf3
Bxf3 22. Qxf3 Qa4 23. Be3 Bg7 24. Rc7 Qxa2 25. Qd5 Kh8 26. Rfxf7 Qb1+ 27. Bg1
Rxf7 28. Qxf7 Qxb2 29. Nd4 Rg8 30. Ne6 Qf6 31. Nxg7 Rf8 32. Qxf6 Rxf6 33. Ne8
Rf1 34. Nf6 {Black resigns} 1-0

[Event "Team 45 45 League T50"]
[Site "Internet Chess Club"]
[Date "2011.08.21"]
[Round "2"]
[White "Beddathanme"]
[Black "DreamCatcher13"]
[Result "0-1"]
[WhiteElo "1786"]
[BlackElo "1951"]
[Opening "Bishop's opening: Urusov gambit, Panov variation"]
[ECO "C24"]
[Time "12:57:21"]
[TimeControl "2700+45"]

1. e4 e5 2. Bc4 Nf6 3. d4 exd4 4. Nf3 d5 5. exd5 Bb4+ 6. c3 Qe7+ 7. Be2 dxc3 8.
bxc3 Bc5 9. O-O O-O 10. Bg5 Re8 11. Re1 Bxf2+ 12. Kxf2 Ne4+ 13. Kg1 Nxg5 14. Nd4
Qe3+ 15. Kh1 Ne4 16. Qa4 Nf2+ 17. Kg1 Nh3+ 18. Kh1 Qg1+ 19. Rxg1 Nf2# {White
checkmated} 0-1

[Event "Team 45 45 League T50"]
[Site "Internet Chess Club"]
[Date "2011.08.18"]
[Round "2"]
[White "crag"]
[Black "bgolev"]
[Result "1-0"]
[WhiteElo "1736"]
[BlackElo "1800"]
[Opening "Robatsch defense"]
[ECO "B34"]
[Time "20:02:09"]
[TimeControl "2700+45"]

1. e4 g6 2. d4 Bg7 3. Nc3 c5 4. Nf3 cxd4 5. Nxd4 Nc6 6. Be3 d6 7. f3 Qb6 8. Bb5
Bd7 9. Nd5 Qa5+ 10. Bd2 Qd8 11. Bc3 Nxd4 12. Bxd4 f6 13. Qe2 Nh6 14. O-O O-O 15.
Qc4 Kh8 16. Qa4 Bxb5 17. Qxb5 e6 18. Nf4 Qe7 19. Rfd1 Rfd8 20. Qb3 Re8 21. Rd2
b6 22. Rad1 Rad8 23. Bc3 Nf7 24. Bb4 Bh6 25. g3 Bxf4 26. gxf4 Qc7 27. Kf2 d5 28.
Ke3 g5 29. fxg5 fxg5 30. Qc3+ d4+ 31. Rxd4 Qf4+ 32. Ke2 Qxh2+ 33. Ke3 Qf4+ 34.
Ke2 Rxd4 35. Rxd4 e5 36. Rd7 g4 37. Qe3 gxf3+ 38. Qxf3 Qxf3+ 39. Kxf3 Ng5+ 40.
Ke3 {Black forfeits on time} 1-0

[Event "Team 45 45 League T50"]
[Site "Internet Chess Club"]
[Date "2011.08.21"]
[Round "2"]
[White "SuperPeon"]
[Black "Stryker672"]
[Result "1-0"]
[WhiteElo "2066"]
[BlackElo "1935"]
[Opening "Amar (Paris) opening"]
[ECO "A00"]
[Time "23:03:29"]
[TimeControl "2700+45"]

1. Nh3 d5 2. g3 e5 3. f3 Bd6 4. Nf2 f5 5. Bg2 Nf6 6. e4 fxe4 7. fxe4 c6 8. O-O
O-O 9. exd5 cxd5 10. Nc3 Bc5 11. Na4 Bd6 12. d4 e4 13. c4 dxc4 14. Qe2 Qe7 15.
Nc3 Nc6 16. Bg5 Bf5 17. Nfxe4 Bxe4 18. Nxe4 Rad8 19. Qxc4+ Kh8 20. Nxf6 gxf6 21.
Bh6 Rf7 22. Bd5 Nxd4 23. Bxf7 Qe4 24. Rae1 Nf3+ 25. Kf2 Bc5+ 26. Qxc5 Nxe1 27.
Rxe1 Qd3 28. Re8+ Rxe8 29. Bxe8 {Black resigns} 1-0

[Event "Team 45 45 League T50"]
[Site "Internet Chess Club"]
[Date "2011.08.23"]
[Round "2"]
[White "Deckfuel"]
[Black "BadHabitMarco"]
[Result "0-1"]
[WhiteElo "1969"]
[BlackElo "2149"]
[Opening "Sicilian: Najdorf, 7...Be7 main line"]
[ECO "B99"]
[Time "13:00:12"]
[TimeControl "2700+45"]

1. e4 c5 2. Nf3 d6 3. d4 cxd4 4. Nxd4 Nf6 5. Nc3 a6 6. Bg5 e6 7. f4 Be7 8. Qf3
Qc7 9. O-O-O Nbd7 10. g4 b5 11. Bxf6 Nxf6 12. g5 Nd7 13. Qh5 Nc5 14. f5 b4 15.
Nxe6 Bxe6 16. fxe6 bxc3 17. Qxf7+ Kd8 18. Qxg7 cxb2+ 19. Kb1 Re8 20. Qxh7 Bxg5
21. Qf5 Be7 22. Rd4 Rc8 23. Rc4 Qb7 24. Bg2 Qb5 25. Qd5 Na4 26. Rxc8+ Kxc8 27.
c4 Nc3+ 28. Kc2 b1=Q+ 29. Rxb1 Qxb1+ 30. Kxc3 Bf6+ 31. Kd2 Qxa2+ 32. Kd3 Qb3+
33. Ke2 Qb2+ 34. Kf3 Qc3+ 35. Ke2 Kc7 36. Kf1 Be5 37. Qd1 Rf8+ 38. Kg1 Bxh2+ 39.
Kxh2 Rh8+ 40. Kg1 Qe3+ 41. Kf1 Rf8+ 42. Bf3 Rxf3+ 43. Qxf3 Qxf3+ {White resigns}
0-1

[Event "Team 45 45 League T50"]
[Site "Internet Chess Club"]
[Date "2011.08.19"]
[Round "2"]
[White "DARKwizard1"]
[Black "alexdb"]
[Result "1-0"]
[WhiteElo "1985"]
[BlackElo "1905"]
[Opening "Scotch gambit: Benima defense"]
[ECO "C44"]
[Time "12:27:56"]
[TimeControl "2700+45"]

1. e4 e5 2. Nf3 Nc6 3. d4 exd4 4. Bc4 Be7 5. O-O d6 6. Nxd4 Nf6 7. Nc3 O-O 8.
Nf5 Bxf5 9. exf5 Ne5 10. Bb3 c6 11. f4 Ned7 12. Be3 d5 13. g4 Nc5 14. g5 Nfe4
15. Nxe4 Nxe4 16. c4 Bc5 17. Bxc5 Nxc5 18. cxd5 Qb6 19. Kg2 Nxb3 20. Qxb3 cxd5
21. Qxb6 axb6 22. Rfd1 Rfc8 23. Rac1 Kf8 24. a3 Rc6 25. Kf3 Rac8 26. Rb1 Rd6 27.
Rd2 Rc5 28. Re1 Rc8 29. Re5 Rcd8 30. h4 f6 31. Re3 Kf7 32. Rde2 R6d7 33. Re6 d4
34. Rxb6 d3 35. Rd2 Rc8 36. Rb3 Rc2 37. Ke3 Rxd2 38. Kxd2 g6 39. fxg6+ Kxg6 40.
Rxd3 Rc7 41. Rd6 Kh5 42. gxf6 Kxh4 43. Re6 Rf7 44. Re7 Rxf6 45. Rxh7+ Kg4 46.
Rxb7 Kxf4 47. Re7 Kf5 48. Kc3 {Black resigns} 1-0

[Event "Team 45 45 League T50"]
[Site "Internet Chess Club"]
[Date "2011.08.21"]
[Round "2"]
[White "mongmong"]
[Black "Tjet"]
[Result "1/2-1/2"]
[WhiteElo "1626"]
[BlackElo "1489"]
[Opening "Queen's Pawn"]
[ECO "A41"]
[Time "18:01:18"]
[TimeControl "2700+45"]

1. d4 d6 2. Nf3 g6 3. e4 Bg7 4. Nbd2 a6 5. Bd3 Bg4 6. c3 Nf6 7. h3 Bxf3 8. Qxf3
Nc6 9. O-O O-O 10. Re1 Rb8 11. Nf1 e6 12. Be3 Nd7 13. Qe2 d5 14. e5 b5 15. Nh2
Na5 16. Ng4 Nc4 17. Bh6 c5 18. Bxg7 Kxg7 19. b3 Ncb6 20. Qe3 c4 21. bxc4 Nxc4
22. Bxc4 bxc4 23. Reb1 Qh4 24. Qc1 h6 25. Rxb8 Rxb8 26. Rb1 Qg5 27. Ne3 {Game
drawn by mutual agreement} 1/2-1/2

[Event "Team 45 45 League T50"]
[Site "Internet Chess Club"]
[Date "2011.08.28"]
[Round "2"]
[White "alaskauk"]
[Black "seattleblues"]
[Result "1-0"]
[WhiteElo "1486"]
[BlackElo "1413"]
[Opening "Caro-Kann: classical variation"]
[ECO "B18"]
[Time "06:00:29"]
[TimeControl "2700+45"]

1. e4 c6 2. d4 d5 3. Nc3 dxe4 4. Nxe4 Bf5 5. Ng3 Bg6 6. Bd3 Bxd3 7. Qxd3 Nf6 8.
Nf3 e6 9. O-O Bd6 10. Ne4 O-O 11. Bg5 Be7 12. Nxf6+ Bxf6 13. Be3 Nd7 14. Rad1
Nb6 15. c3 Rc8 16. Qc2 Qe7 17. Rfe1 Nd5 18. Rd3 Rfd8 19. Qc1 Nxe3 20. Qxe3 Rd6
21. h3 c5 22. d5 Rc7 23. dxe6 Rxe6 24. Qd2 Rxe1+ 25. Nxe1 h6 26. Re3 Qd8 27. Qe2
Re7 28. Rxe7 Qxe7 29. Qxe7 Bxe7 30. c4 Kh7 31. Nd3 a5 32. a4 Kg6 33. Kf1 Kf5 34.
Ke2 Ke4 35. Kd2 Bg5+ 36. Kc2 b6 37. b3 f5 38. Ne1 f4 39. Nf3 g6 40. Kd2 Bf6 41.
Kc2 Bd4 42. Nd2+ Kf5 43. f3 h5 44. Kd3 g5 45. Ne4 g4 46. Nd6+ Kg5 47. hxg4 hxg4
48. Ke4 Be5 49. Kxe5 {Black resigns} 1-0

[Event "Team 45 45 League T50"]
[Site "Internet Chess Club"]
[Date "2011.08.18"]
[Round "2"]
[White "MichaelJames"]
[Black "JohLeb"]
[Result "1-0"]
[WhiteElo "1424"]
[BlackElo "1506"]
[Opening "Sicilian"]
[ECO "B56"]
[Time "16:22:02"]
[TimeControl "2700+45"]

1. e4 c5 2. Nf3 d6 3. d4 cxd4 4. Nxd4 Nf6 5. Nc3 e5 6. Nb3 Nc6 7. Bd3 Be6 8. O-O
Be7 9. Bg5 Rc8 10. Qd2 Qd7 11. Rad1 O-O 12. Bxf6 Bxf6 13. Nd5 Bxd5 14. exd5 Ne7
15. c4 Nf5 16. Qc2 Nd4 17. Nxd4 exd4 18. Bxh7+ Kh8 19. Bd3 Rce8 20. b3 Re5 21.
f4 Re3 22. Rde1 Rfe8 23. Rxe3 Rxe3 24. Qd2 Qe7 25. g4 Bh4 26. Kg2 Re1 27. Rxe1
Qxe1 28. Qxe1 Bxe1 29. Kf3 g6 30. f5 Kg7 31. fxg6 fxg6 32. Ke4 Bf2 33. Kf3 Be3
34. h4 g5 35. h5 Bf4 36. Ke4 Be5 37. Kf5 Kh6 38. Ke6 a6 39. b4 b6 40. a4 Kg7 41.
c5 dxc5 42. bxc5 {Black resigns} 1-0

[Event "Team 45 45 League T50"]
[Site "Internet Chess Club"]
[Date "2011.08.21"]
[Round "2"]
[White "otib2006"]
[Black "Conjurer"]
[Result "0-1"]
[WhiteElo "1325"]
[BlackElo "1319"]
[Opening "Sicilian defense"]
[ECO "B20"]
[Time "12:07:53"]
[TimeControl "2700+45"]

1. e4 c5 2. Bc4 d6 3. Nf3 Nf6 4. Nc3 e6 5. O-O Be7 6. d4 cxd4 7. Nxd4 Nc6 8.
Nxc6 bxc6 9. Bg5 O-O 10. Na4 Nxe4 11. Bxe7 Qxe7 12. Bd3 Nf6 13. Nc3 e5 14. Ne4
Bb7 15. Nxd6 g6 16. Nxb7 Qxb7 17. b3 Rad8 18. a4 e4 19. Qf3 exf3 20. gxf3 a5 21.
Bc4 Nh5 22. Rfe1 Nf4 23. Re4 g5 24. h4 h6 25. Rae1 Qc8 26. hxg5 hxg5 27. Rxf4
gxf4 28. Kg2 Qf5 29. Rh1 Kg7 30. Bd3 Qg5+ 31. Kf1 Rh8 32. Rg1 f6 33. Rxg5+ fxg5
34. Ke1 Rh2 35. Ke2 c5 36. Kd2 Rxf2+ 37. Kc3 Rd4 38. b4 axb4+ 39. Kb3 Rxf3 40.
a5 c4+ 41. Kxb4 cxd3+ 42. Kc5 dxc2 43. Kxd4 c1=Q 44. a6 Ra3 45. Ke4 Kg6 46. a7
Rxa7 47. Kf3 Qe3+ 48. Kg4 Qe2+ 49. Kh3 Ra3# {White checkmated} 0-1

[Event "Team 45 45 League T50"]
[Site "Internet Chess Club"]
[Date "2011.08.19"]
[Round "2"]
[White "tryanything"]
[Black "Xanther"]
[Result "1/2-1/2"]
[WhiteElo "1566"]
[BlackElo "1429"]
[Opening "French: advance, Paulsen attack"]
[ECO "C02"]
[Time "19:03:45"]
[TimeControl "2700+45"]

1. e4 e6 2. d4 d5 3. e5 c5 4. c3 Nc6 5. Nf3 Qb6 6. Be2 Nh6 7. O-O Nf5 8. dxc5
Bxc5 9. b4 Be7 10. a4 O-O 11. Nbd2 Rd8 12. Nb3 a6 13. Nbd4 Nfxd4 14. Nxd4 Nxd4
15. Qxd4 Qxd4 16. cxd4 Bxb4 17. Bb2 Bd7 18. f4 Rac8 19. Bd3 Bc3 20. Bxc3 Rxc3
21. Rfd1 Rdc8 22. a5 Kf8 23. Kf2 Rb3 24. Rd2 Rcc3 25. Ke2 Ke7 26. Raa2 h6 27. h3
Bb5 28. Bxb5 Rxb5 29. Rdc2 {Game drawn by mutual agreement} 1/2-1/2

[Event "Team 45 45 League T50"]
[Site "Internet Chess Club"]
[Date "2011.08.19"]
[Round "2"]
[White "doublepar"]
[Black "nanning"]
[Result "1-0"]
[WhiteElo "1492"]
[BlackElo "1495"]
[Opening "Sicilian: Taimanov variation"]
[ECO "B49"]
[Time "15:00:11"]
[TimeControl "2700+45"]

1. e4 c5 2. Nf3 e6 3. d4 cxd4 4. Nxd4 Nc6 5. Nc3 Qc7 6. Be2 a6 7. Be3 Nf6 8. O-O
Bb4 9. Nxc6 Qxc6 10. Qd4 Bxc3 11. bxc3 Qxe4 12. Bd3 Qxd4 13. Bxd4 b5 14. Bc5 d5
15. Rfe1 Bd7 16. f3 Kd8 17. h4 Kc7 18. g4 Kc6 19. Bd4 Ne8 20. a4 Rb8 21. Reb1
Kd6 22. axb5 Bxb5 23. Bxb5 axb5 24. Ra6+ Kd7 25. Ra7+ Kd6 26. Ra6+ Kd7 27. Bc5
Nc7 28. Rd6+ Kc8 29. Rc6 Rd8 30. Bb6 Rd7 31. Rxb5 Rb7 32. Kf2 Kb8 33. Bxc7+ Rxc7
34. Rxc7 Kxc7 35. Rxb7+ Kxb7 36. Ke3 Kc6 37. Kd4 f6 38. f4 Kd6 39. c4 e5+ 40.
fxe5+ fxe5+ 41. Kd3 Kc5 42. cxd5 Kxd5 43. c4+ Kd6 44. Ke4 g6 45. h5 {Black
resigns} 1-0

[Event "Team 45 45 League T50"]
[Site "Internet Chess Club"]
[Date "2011.08.18"]
[Round "2"]
[White "musfeldt"]
[Black "oldprez"]
[Result "0-1"]
[WhiteElo "1359"]
[BlackElo "1444"]
[Opening "King's Indian: Four pawns attack"]
[ECO "E76"]
[Time "14:00:23"]
[TimeControl "2700+45"]

1. d4 Nf6 2. c4 g6 3. Nc3 Bg7 4. e4 d6 5. f4 O-O 6. Nf3 Nbd7 7. Be2 c5 8. d5 a6
9. O-O b6 10. Qc2 e5 11. Rb1 Nh5 12. fxe5 dxe5 13. Ng5 Nf4 14. Bxf4 exf4 15. Nh3
Bd4+ 16. Kh1 Be3 17. Nxf4 Ne5 18. Nd3 Qg5 19. Nxe5 Qxe5 20. Rf3 Bd4 21. b4 Bg4
22. Rg3 Bxc3 23. Bxg4 Bxb4 24. a3 Ba5 25. Rd1 Rab8 26. Rgd3 Qxe4 27. Bf3 Qe5 28.
d6 Rfe8 29. Rd5 Qe1+ {White resigns} 0-1

[Event "Team 45 45 League T50"]
[Site "Internet Chess Club"]
[Date "2011.08.23"]
[Round "2"]
[White "radiohead"]
[Black "Aquaman"]
[Result "1-0"]
[WhiteElo "1369"]
[BlackElo "1249"]
[Opening "Robatsch (modern) defense"]
[ECO "B06"]
[Time "21:00:28"]
[TimeControl "2700+45"]

1. e4 g6 2. d4 Bg7 3. Nf3 c5 4. c3 Nc6 5. Bc4 cxd4 6. cxd4 e6 7. Nc3 Nge7 8. e5
O-O 9. O-O Nf5 10. Re1 d6 11. Bf4 dxe5 12. dxe5 Ncd4 13. Nxd4 Qxd4 14. Qxd4 Nxd4
15. Rac1 a6 16. Ne4 b5 17. Bd3 f5 18. exf6 Bxf6 19. Nxf6+ Rxf6 20. Be5 Rf8 21.
Be4 Ra7 22. Bxd4 Raf7 23. Rc3 Bd7 24. Rf3 Rxf3 25. Bxf3 Rc8 26. h3 a5 27. a3 Kf7
28. g4 b4 29. Be4 h6 30. Kg2 g5 31. Re3 Ba4 32. Rf3+ Ke7 33. Bg7 Bd1 34. Re3 h5
35. gxh5 Bxh5 36. Bf3 Be8 37. Re5 bxa3 38. bxa3 a4 39. Rxg5 Bd7 40. Be5 Kf8 41.
h4 Be8 42. h5 Bf7 43. h6 Bg8 44. Be4 Rc4 45. h7 Bxh7 46. Bxh7 Rh4 47. Bd3 Rh6
48. Rg4 Rh5 49. Re4 Ke7 50. Bb5 Rg5+ 51. Kf3 Rf5+ 52. Ke3 Rh5 53. Bxa4 Rh3+ 54.
f3 Rh1 55. Ke2 Rh2+ 56. Bxh2 {Black resigns} 1-0

[Event "Team 45 45 League T50"]
[Site "Internet Chess Club"]
[Date "2011.08.19"]
[Round "2"]
[White "BrianWood"]
[Black "ElmerHo"]
[Result "1/2-1/2"]
[WhiteElo "1528"]
[BlackElo "1557"]
[Opening "QGD Slav: 4.Nc3"]
[ECO "D15"]
[Time "22:00:23"]
[TimeControl "2700+45"]

1. c4 c6 2. d4 d5 3. Nf3 Nf6 4. Nc3 a6 5. cxd5 cxd5 6. g3 Nc6 7. Bg2 e6 8. O-O
Be7 9. Ne5 O-O 10. e3 Bd7 11. a3 Rc8 12. Rb1 Qc7 13. f4 Nxe5 14. fxe5 Ne8 15. e4
f6 16. exd5 fxe5 17. Rxf8+ Bxf8 18. dxe6 Bxe6 19. dxe5 Bc5+ 20. Kh1 Rd8 21. Qf3
Qxe5 22. Bf4 Qf5 23. Qe4 {Game drawn by mutual agreement} 1/2-1/2

[Event "Team 45 45 League T50"]
[Site "Internet Chess Club"]
[Date "2011.08.18"]
[Round "2"]
[White "BrerRabbit"]
[Black "drsigmund1"]
[Result "1/2-1/2"]
[WhiteElo "1508"]
[BlackElo "1455"]
[Opening "English opening"]
[ECO "A25"]
[Time "19:01:43"]
[TimeControl "2700+45"]

1. c4 e5 2. g3 Nc6 3. Nc3 Nf6 4. Bg2 Bc5 5. e3 O-O 6. Nge2 d6 7. d4 exd4 8. exd4
Bb6 9. O-O Bg4 10. h3 Bh5 11. g4 Bg6 12. f4 h6 13. f5 Bh7 14. Bf4 Qd7 15. Kh1
Rad8 16. a3 a6 17. Qd2 Qc8 18. Rae1 Nb8 19. Nd5 Nxd5 20. Bxd5 c6 21. Bg2 d5 22.
c5 Bc7 23. Ng3 Nd7 24. Re7 Rde8 25. Rfe1 Rxe7 26. Rxe7 Bd8 27. Re2 Nf6 28. Be5
Qd7 29. Qe1 Re8 30. Re3 g6 31. Qf2 g5 32. Bf1 Qe7 33. Bf4 Qd7 34. Rxe8+ Qxe8 35.
Be5 Nd7 36. Bd6 b6 37. b4 b5 38. Nh5 Nf6 39. Ng3 Ne4 40. Qg2 Nxd6 41. cxd6 Qd7
42. Nh5 Qxd6 43. Qe2 Qe7 44. Qc2 Qe4+ 45. Qxe4 dxe4 46. Bg2 a5 47. Bxe4 axb4 48.
axb4 Bb6 49. Bxc6 Bxd4 50. Bxb5 Bc3 51. Kg2 f6 52. Bc4+ Kf8 53. b5 Bg8 54. Bd3
Bd5+ 55. Kf2 Bd4+ 56. Ke2 Bg2 57. Bc4 Bxh3 58. Kf3 Be5 59. Nxf6 Bxf6 60. Kg3
Bxg4 61. Kxg4 Kg7 62. b6 Be5 63. b7 Bb8 64. Bd3 Kf6 65. Kh5 Kg7 66. Kg4 {Game
drawn by mutual agreement} 1/2-1/2

[Event "Team 45 45 League T50"]
[Site "Internet Chess Club"]
[Date "2011.08.22"]
[Round "2"]
[White "Cicero"]
[Black "PsyMar"]
[Result "1-0"]
[WhiteElo "1362"]
[BlackElo "1400"]
[Opening "Trompowsky attack (Ruth, Opocenský opening)"]
[ECO "A45"]
[Time "16:00:08"]
[TimeControl "2700+45"]

1. d4 Nf6 2. Bg5 h6 3. Bh4 d5 4. Nf3 c5 5. Nbd2 Qb6 6. Nb3 c4 7. Nc5 e6 8. Bxf6
gxf6 9. Na4 Qa5+ 10. Nc3 Bb4 11. a3 Bxc3+ 12. bxc3 Qxc3+ 13. Nd2 Qxd4 14. e3 Qc3
15. Be2 Rg8 16. O-O e5 17. Nf3 e4 18. Nd4 Qa5 19. c3 Nc6 20. Nc2 Bh3 21. g3
O-O-O 22. Nb4 Nxb4 23. axb4 Qb6 24. Ra5 Kb8 25. Re1 Qe6 26. Qd4 Qb6 27. Rc5 f5
28. Ra1 Bg4 29. Qe5+ Qd6 30. Qd4 Bxe2 31. Rxa7 Kxa7 32. Rxd5+ Qb6 33. Ra5+ Kb8
34. Qxb6 Rd1+ 35. Kg2 Bf3+ 36. Kh3 Bg4+ 37. Kh4 Rh1 38. Qd6+ Kc8 39. Ra8# {Black
checkmated} 1-0

[Event "Team 45 45 League T50"]
[Site "Internet Chess Club"]
[Date "2011.08.17"]
[Round "2"]
[White "lookatall65sqas"]
[Black "jjaillet2007"]
[Result "1-0"]
[WhiteElo "1563"]
[BlackElo "1343"]
[Opening "French: Two knights variation"]
[ECO "C00"]
[Time "21:00:26"]
[TimeControl "2700+45"]

1. e4 e6 2. Nf3 d5 3. Nc3 c5 4. exd5 exd5 5. Bb5+ Nc6 6. Qe2+ Be6 7. d3 d4 8.
Ne4 Qa5+ 9. Bd2 Qxb5 10. O-O-O c4 11. Rhe1 cxd3 12. Qxd3 Qxd3 13. cxd3 Rc8 14.
Kb1 Bb4 15. Bxb4 Nxb4 16. Nd6+ Kd7 17. Nxc8 Kxc8 18. a3 Nc6 19. Rc1 Kd7 20. b4
a6 21. Re4 Bf5 22. Rf4 Bxd3+ 23. Kb2 Ke6 24. g3 h6 25. Nxd4+ Nxd4 26. Rxd4 Bb5
27. Rd8 Ke7 28. Rcc8 f5 29. Rxg8 Rxg8 30. Rxg8 g5 31. Rg7+ Kf6 32. Rxb7 f4 33.
Rb6+ Kg7 34. Kb3 fxg3 35. fxg3 h5 36. a4 Be2 37. b5 axb5 38. axb5 h4 39. gxh4
gxh4 40. Rb7+ Kg6 41. b6 Bf3 42. Rb8 Kg5 43. b7 Bd5+ 44. Kc3 Kg4 45. Rg8+ Bxg8
46. b8=Q Be6 47. Qe5 Bc8 48. Qd5 Kh3 49. Qd6 Kg2 50. Qc6+ Kxh2 51. Qxc8 h3 52.
Kd2 Kg2 53. Ke2 h2 54. Qa8+ Kg1 55. Qa1+ Kg2 56. Qf1+ Kg3 57. Qh1 Kg4 58. Qxh2
Kf5 59. Qd6 Ke4 60. Qe6+ Kd4 61. Qf5 Kc4 62. Qe5 Kb4 63. Qd5 Kc3 64. Qe4 Kb3 65.
Qc6 Kb4 66. Kd2 Kb3 67. Qb5+ Ka3 68. Kc1 Ka2 69. Qa4# {Black checkmated} 1-0

[Event "Team 45 45 League T50"]
[Site "Internet Chess Club"]
[Date "2011.08.21"]
[Round "2"]
[White "Berke"]
[Black "oldsj"]
[Result "1-0"]
[WhiteElo "1632"]
[BlackElo "1510"]
[Opening "Scotch gambit: Dubois-Réti defense"]
[ECO "C55"]
[Time "09:00:21"]
[TimeControl "2700+45"]

1. e4 e5 2. Nf3 Nc6 3. d4 exd4 4. Bc4 Nf6 5. e5 d5 6. Bb5 Ne4 7. Nxd4 Bc5 8. c3
Bd7 9. Bxc6 bxc6 10. O-O O-O 11. Be3 Qe7 12. Nf3 Bxe3 13. fxe3 Bg4 14. Nbd2 Bxf3
15. Nxf3 Rab8 16. Qc2 Qc5 17. Nd4 Qb6 18. b3 c5 19. Nf5 g6 20. Ne7+ Kg7 21. Nxd5
Qc6 22. Qxe4 f5 23. exf6+ Kf7 24. c4 Rbe8 25. Qf4 h5 26. Rae1 Rh8 27. Qxc7+
{Black resigns} 1-0